 Dungeon Crawl Stone Soup version 0.20.0 (webtiles) character file.

97660 Llamajah the Warrior (level 16, 0/235 HPs)
             Began as a Barachi Berserker on June 21, 2017.
             Was the Champion of Trog.
             Succumbed to a redback's poison
             ... on level 4 of the Lair of Beasts on June 22, 2017.
             The game lasted 01:48:09 (28488 turns).

Llamajah the Warrior (Barachi Berserker)           Turns: 28488, Time: 01:48:09

Health: 0/235      AC: 23    Str: 30    XL:     16   Next: 20%
Magic:  7/7        EV: 19    Int:  9    God:    Trog [******]
Gold:   127        SH:  0    Dex: 15    Spells: 15/15 levels left

rFire    . . .     SeeInvis .   C - +7 great sword (antimagic)
rCold    . . .     Gourm    .   (shield currently unavailable)
rNeg     . . .     Faith    +   U - +1 plate armour {rPois}
rPois    +         Spirit   .   o - +1 helmet
rElec    .         Reflect  .   G - +0 cloak
rCorr    .         Harm     .   (no gloves)
MR       +++..                  f - +1 pair of boots
Stlth    ..........             l - amulet of faith
Regen    1.5/turn               X - +4 ring of dexterity
MPRegen  0.1/turn               e - +3 ring of evasion

@: berserking (expiring), lethally poisoned (0 -> -1), can't hop, regenerating,
studying Armour, quick
A: +LOS, swims, robust 1, slowness 1, strong legs 2
a: Hop, Berserk, Trog's Hand, Brothers in Arms, Burn Spellbooks, Renounce
Religion


You were on level 4 of the Lair of Beasts.
You worshipped Trog.
Trog was exalted by your worship.
You were near starving.

You visited 4 branches of the dungeon, and saw 24 of its levels.
You also visited: Ice Cave.

You collected 2769 gold pieces.
You spent 2642 gold pieces at shops.

Inventory:

Hand Weapons
 r - a +9 great sword of slicing
 s - a +1 antimagic falchion
 v - the +5 long sword of the Other Side {flame, +Blink rPois Dex+5}
   (You found it on level 5 of the Dungeon)

   It has been specially enchanted to burn those struck by it, causing extra
   injury to most foes and up to half again as much damage against particularly
   susceptible opponents.
   Big, fiery blades are also staple armaments of hydra-hunters.
   It affects your dexterity (+5).
   It protects you from poison.
   It lets you blink.
 C - a +7 antimagic great sword (weapon)
Missiles
 Y - 2 javelins of penetration (quivered)
Armour
 f - a +1 pair of boots (worn)
 o - a +1 helmet (worn)
 G - a +0 cloak (worn)
 T - a +0 hat of magic resistance
 U - a +1 plate armour of poison resistance (worn)
Jewellery
 b - an uncursed ring of protection from cold
 d - an uncursed ring of poison resistance
 e - a +3 ring of evasion (right hand)
 l - an amulet of faith (around neck)
 m - an uncursed amulet of the gourmand {unknown}
 q - an uncursed ring of protection from magic
 X - a +4 ring of dexterity (left hand)
 Z - an uncursed ring of resist corrosion
Wands
 t - a wand of paralysis (3/24)
 u - a wand of disintegration (10/24)
 z - a wand of iceblast (10/15)
 F - a wand of digging (12/24)
 S - a wand of lightning (8/15)
 W - a wand of acid (11/15)
Scrolls
 i - 6 scrolls of teleportation
 n - 5 scrolls of remove curse
 p - 6 scrolls of recharging
 y - 2 scrolls of summoning
 A - 4 scrolls of fear
 H - 2 scrolls of silence
 K - 2 scrolls of magic mapping
 O - 2 scrolls of enchant armour
 P - a scroll of blinking {unknown}
 Q - a scroll of random uselessness {unknown}
 V - a scroll of fog {unknown}
Potions
 a - 3 potions of ambrosia
 g - 2 potions of haste
 k - a potion of flight
 x - 3 potions of berserk rage
 D - 7 potions of curing
 E - 2 potions of brilliance
 I - a potion of agility
 J - 4 potions of mutation
 L - a potion of resistance {unknown}
 M - 2 potions of might
 N - 3 potions of heal wounds
 R - a potion of magic {unknown}
Books
 w - a manual of Armour
Comestibles
 c - 17 bread rations
 h - 17 fruits
 j - 7 meat rations


   Skills:
 * Level 17.8 Fighting
 * Level 16.5 Long Blades
   Level 4.9 Axes
 + Level 13.2 Armour
 * Level 13.3 Dodging
 - Level 10.0 Evocations


You had 15 spell levels left.
You didn't know any spells.

Dungeon Overview and Level Annotations

Branches:
Dungeon (15/15)            Temple (0/1) D:5            Lair (6/6) D:9
 Shoals (0/4) Lair:4       Spider (1/4) Lair:4        Slime (0/5) Lair:5
    Orc (2/2) D:10            Elf (0/3) Orc:2        Vaults (0/5) D:13
 Depths: D:15

Altars:
Cheibriados
Dithmenos
Elyvilon
Fedhas
Kikubaaqudgha
Nemelex Xobeh
Okawaru
Qazlal
Ru
Vehumet
Yredelemnul
Zin
The Shining One
Beogh

Shops:
D:6 [   D:10 *   Orc:2 !:(!


Innate Abilities, Weirdness & Mutations

Shadows flee at your approach. (+LOS)
You can swim through water.
You cover ground slowly.
You can hop longer distances.
You are robust. (+10% HP)


Message History

Trog accepts your kill.
You feel sick. The emperor scorpion stings you!
* * * LOW HITPOINT WARNING * * *
The emperor scorpion claws you but does no damage.
The emperor scorpion closely misses you.
You completely miss the emperor scorpion.
The emperor scorpion is lightly wounded.
You are near starving!
You feel sick.
You slice the emperor scorpion!!
The emperor scorpion is moderately wounded.
You feel sick.
The emperor scorpion stings you but does no damage.
The emperor scorpion claws you.
* * * LOW HITPOINT WARNING * * *
The emperor scorpion claws you.
* * * LOW HITPOINT WARNING * * *
You cut the emperor scorpion into ribbons!!!
The emperor scorpion is heavily wounded.
You die...

####.....#.##..........
#.#.#...#.#.#..........
##.###.###.##..........
##.#.#.#.#.#..........
#.###.#.#.##..........
##.###^#####..........
#.###.#.#.##..........
##.#...#^#.#..........
#.#.†@s.####.P..##..##
####..†####.#.........
##≈≈≈##...........P#
#.............#P....
##.......<##..#P....
###........##..#....#
#.#........#...#...##
##..###...#..........
##..........([.......


You could see an emperor scorpion.

Vanquished Creatures
  Gastronok (Lair:2)
  An orc warlord (Orc:1)
  The ghost of MatthieuS the Frost Mage, a journeyman GrIE of Vehumet (Lair:6)
  The ghost of NoxCultor the Basher, a journeyman MiBe of Trog (IceCv)
  An ettin (D:13)
  Josephine (Lair:5)
  Erolcha (Orc:1)
  A rakshasa (D:13)
  9 hydras
  2 ice dragons (IceCv)
  5 catoblepae
  2 ogre magi (Orc:2)
  A tengu warrior (D:14)
  8 two-headed ogres
  9 death yaks
  Nergalle (Orc:2)
  Pikel (D:6)
  6 orc knights
  2 ugly things
  9 orc sorcerers
  2 wolf spiders (Spider:1)
  3 cyclopes
  An oklob plant (Lair:2)
  3 manticores
  2 deep elf magi
  A merfolk siren (Lair:4)
  5 black mambas
  Joseph (D:7)
  2 ice statues (IceCv)
  A centaur skeleton (D:11)
  3 gargoyles
  15 spiny frogs
  5 rime drakes
  A yaktaur (D:15)
  12 komodo dragons
  A tengu conjurer (D:14)
  A jumping spider (Lair:4)
  9 trolls
  2 hornets
  Prince Ribbit (D:7)
  21 blink frogs
  13 hippogriffs
  7 dream sheep (Lair:6)
  A vampire (D:14)
  3 wraiths (Lair:5)
  A tarantella (Lair:4)
  Sigmund (D:2)
  6 redbacks
  A spriggan (D:10)
  A shadow (D:13)
  2 wyverns
  78 yaks
  2 basilisks (Lair:5)
  3 vampire mosquitoes (D:12)
  A steam dragon (D:13)
  2 hungry ghosts
  The ghost of loopi the Magician, an amateur KoCj (D:3)
  8 wargs
  2 acid dragons
  9 water moccasins
  23 orc warriors
  9 porcupines
  16 ice beasts
  A floating eye (shapeshifter) (D:13)
  2 hornet zombies (D:12)
  3 phantoms
  3 sky beasts
  4 slaves (D:6)
  2 black bears (D:8)
  22 ogres
  An eye of draining (D:13)
  10 centaurs
  14 crocodiles
  19 bullfrogs
  A big kobold (D:10)
  A gnoll sergeant (D:9)
  3 scorpions
  A wyvern skeleton (D:12)
  6 wights
  6 howler monkeys
  7 electric eels
  9 crimson imps
  A bullfrog zombie (D:12)
  2 centaur zombies
  2 jellies
  Crazy Yiuf (D:7)
  6 hounds
  A quasit (D:11)
  22 orc priests
  A bullfrog skeleton (D:9)
  3 iguanas
  37 orc wizards
  9 worker ants
  A killer bee zombie (D:10)
  A hound zombie (D:7)
  3 worker ant zombies (D:11)
  Robin (D:3)
  13 adders
  10 gnolls
  2 river rats (D:5)
  3 shadow imps
  2 oozes
  4 worms
  2 dart slugs
  3 leopard geckos
  97 orcs
  4 ball pythons
  5 giant cockroaches
  10 goblins
  11 hobgoblins
  10 jackals
  2 quokkas
  3 bats
  4 frilled lizards
  2 gnoll zombies (D:5)
  13 kobolds
  A leopard gecko skeleton (D:6)
  A leopard gecko zombie (D:5)
  A quokka zombie (D:5)
  8 rats
  A bush (D:7)
  6 plants (Lair:2)
769 creatures vanquished.

Vanquished Creatures (others)
  An orc wizard (Orc:2)
  A worker ant (D:13)
  10 fungi
  24 plants
36 creatures vanquished.

Grand Total: 805 creatures vanquished

Notes
Turn   | Place    | Note
-------+----------+-------------------------------------------
     0 | D:1      | Llamajah the Barachi Berserker began the quest for the Orb.
     0 | D:1      | Reached XP level 1. HP: 18/18 MP: 1/1
   284 | D:1      | Reached XP level 2. HP: 16/25 MP: 2/2
   286 | D:1      | Reached skill level 4 in Fighting
   713 | D:1      | Reached XP level 3. HP: 30/30 MP: 3/3
  1142 | D:2      | Reached ** piety under Trog
  1427 | D:2      | Found a sacrificial altar of Ru.
  1487 | D:2      | Noticed Sigmund
  1497 | D:2      | Killed Sigmund
  1497 | D:2      | Reached skill level 5 in Fighting
  1497 | D:2      | Reached XP level 4. HP: 39/39 MP: 4/4
  1497 | D:2      | Reached XP level 5. HP: 44/44 MP: 5/5
  2030 | D:3      | Reached XP level 6. HP: 51/51 MP: 6/6
  2033 | D:3      | Noticed loopi's ghost (amateur KoCj)
  2046 | D:3      | Killed loopi's ghost
  2046 | D:3      | Reached skill level 6 in Fighting
  2241 | D:3      | Noticed Robin
  2258 | D:3      | Killed Robin
  2589 | D:4      | Noticed a phantom
  2641 | D:4      | Killed a phantom
  2641 | D:4      | Reached XP level 7. HP: 33/59 MP: 7/7
  3275 | D:4      | Got a sparkling tin ring
  3277 | D:4      | Identified the ring "Medaliko" {Ice rPois Str+2} (You found it on level 4 of the Dungeon)
  3341 | D:4      | Reached skill level 7 in Fighting
  3444 | D:4      | Found a sparkling altar of Nemelex Xobeh.
  3821 | D:5      | Entered Level 5 of the Dungeon
  3837 | D:5      | Got a scorched long sword
  3838 | D:5      | Identified the +5 long sword of the Other Side {flame, +Blink rPois Dex+5} (You found it on level 5 of the Dungeon)
  3848 | D:5      | Reached *** piety under Trog
  3848 | D:5      | Reached skill level 5 in Armour
  3868 | D:5      | Found a staircase to the Ecumenical Temple.
  3886 | D:5      | Reached skill level 1 in Long Blades
  3919 | D:5      | Reached XP level 8. HP: 54/67 MP: 8/8
  3930 | D:5      | Reached skill level 5 in Dodging
  3998 | D:5      | Got an ancient leather armour
  4279 | D:5      | Reached skill level 8 in Fighting
  4322 | D:5      | Identified the +0 leather armour "Anyesu" {Int+4} (You found it on level 5 of the Dungeon)
  4551 | D:5      | Found a sacrificial altar of Ru.
  4647 | D:5      | Found a basalt altar of Yredelemnul.
  4728 | D:6      | Reached skill level 1 in Evocations
  4750 | D:6      | Reached **** piety under Trog
  4818 | D:6      | Noticed Pikel
  4837 | D:6      | Killed Pikel
  4837 | D:6      | Reached skill level 9 in Fighting
  4837 | D:6      | Reached skill level 5 in Long Blades
  4837 | D:6      | Reached XP level 9. HP: 75/76 MP: 10/10
  5227 | D:6      | Found Quorchana's Armour Shop.
  5268 | D:6      | Bought a +0 pair of boots for 58 gold pieces
  5539 | D:6      | Found a glowing silver altar of Zin.
  5539 | D:6      | Found a white marble altar of Elyvilon.
  5540 | D:6      | Found a glowing golden altar of the Shining One.
  6038 | D:7      | Found a snail-covered altar of Cheibriados.
  6039 | D:7      | Found an ancient bone altar of Kikubaaqudgha.
  6056 | D:7      | Noticed Joseph
  6068 | D:7      | Killed Joseph
  6154 | D:7      | Noticed Prince Ribbit
  6358 | D:7      | Found a runed door.
  6450 | D:7      | Noticed Crazy Yiuf
  6457 | D:7      | Killed Crazy Yiuf
  6497 | D:7      | Killed Prince Ribbit
  6497 | D:7      | Reached skill level 10 in Fighting
  6497 | D:7      | Reached XP level 10. HP: 85/85 MP: 10/13
  6848 | D:8      | Noticed a two-headed ogre
  6859 | D:8      | Killed a two-headed ogre
  7152 | D:8      | Found an iron altar of Okawaru.
  7300 | D:8      | Noticed a two-headed ogre
  7307 | D:8      | Killed a two-headed ogre
  7307 | D:8      | Reached skill level 11 in Fighting
  7307 | D:8      | Reached skill level 5 in Evocations
  7589 | D:9      | Noticed a death yak
  7590 | D:9      | Found a staircase to the Lair.
  7590 | D:9      | Noticed a death yak
  7590 | D:9      | Noticed a death yak
  7609 | D:9      | Killed a death yak
  7619 | D:9      | Killed a death yak
  7619 | D:9      | Reached XP level 11. HP: 93/93 MP: 15/15
  7653 | D:8      | Killed a death yak
  7817 | D:9      | Reached ***** piety under Trog
  7838 | D:9      | Reached skill level 10 in Long Blades
  8093 | D:9      | Reached skill level 12 in Fighting
  8661 | D:9      | Noticed a two-headed ogre
  8666 | D:9      | Killed a two-headed ogre
  8746 | Lair:1   | Entered Level 1 of the Lair of Beasts
  8798 | Lair:1   | Received a gift from Trog
  8975 | Lair:1   | Reached XP level 12. HP: 67/103 MP: 17/17
  9922 | Lair:1   | Reached skill level 13 in Fighting
 10058 | Lair:2   | Noticed Gastronok
 10091 | Lair:2   | Killed Gastronok
 10329 | Lair:2   | Found a blossoming altar of Fedhas.
 11262 | Lair:3   | Reached skill level 10 in Armour
 11708 | Lair:3   | Noticed a six-headed hydra
 11717 | Lair:3   | Killed a one-headed hydra
 11717 | Lair:3   | Reached skill level 14 in Fighting
 12027 | Lair:3   | Got a steaming flail
 12038 | Lair:3   | Identified the +9 flail "Ysmej" {venom, *Slow +Fly rPois Int+3} (You found it on level 3 of the Lair of Beasts)
 12051 | Lair:3   | Gained mutation: You can hop longer distances. [Barachi growth]
 12051 | Lair:3   | Reached XP level 13. HP: 87/113 MP: 19/19
 12745 | Lair:4   | Received a gift from Trog
 13189 | Lair:4   | Received a gift from Trog
 13517 | Lair:4   | Found a hole to the Spider Nest.
 13528 | Lair:4   | Reached skill level 10 in Dodging
 13822 | Lair:4   | Found a staircase to the Shoals.
 14007 | Lair:5   | Found a staircase to the Slime Pits.
 14007 | Lair:5   | Noticed Josephine
 14015 | Lair:5   | Killed Josephine
 14800 | Lair:5   | Reached skill level 15 in Fighting
 14943 | Lair:5   | Found a stormy altar of Qazlal.
 15102 | Lair:5   | Received a gift from Trog
 15642 | Lair:6   | Entered Level 6 of the Lair of Beasts
 15711 | Lair:6   | Noticed MatthieuS's ghost (journeyman GrIE)
 15727 | Lair:6   | Killed MatthieuS's ghost
 15744 | Lair:6   | Reached XP level 14. HP: 122/123 MP: 21/21
 16822 | Lair:6   | Reached ****** piety under Trog
 16859 | Lair:6   | Received a gift from Trog
 17627 | Lair:6   | Reached skill level 16 in Fighting
 18559 | Lair:2   | Reached skill level 10 in Evocations
 18685 | D:10     | Entered Level 10 of the Dungeon
 18695 | D:10     | Found a staircase to the Orcish Mines.
 18886 | D:10     | Found Riddopruarph's Assorted Antiques.
 18895 | D:10     | Bought a scroll of identify for 56 gold pieces
 18895 | D:10     | Bought a scroll of identify for 56 gold pieces
 18895 | D:10     | Bought a potion of curing for 84 gold pieces
 19561 | D:11     | Reached skill level 15 in Long Blades
 19607 | D:11     | Received a gift from Trog
 20401 | D:12     | Reached XP level 15. HP: 132/132 MP: 22/22
 21407 | D:12     | Received a gift from Trog
 21941 | D:13     | Found a frozen archway.
 21985 | IceCv    | Entered an ice cave
 22480 | IceCv    | Noticed NoxCultor's ghost (journeyman MiBe)
 22511 | IceCv    | Killed NoxCultor's ghost
 22994 | D:13     | Identified a scroll of acquirement
 23031 | D:13     | Reached skill level 17 in Fighting
 23325 | D:13     | Found a gate to the Vaults.
 23951 | D:14     | Found a shadowy altar of Dithmenos.
 24132 | D:14     | Received a gift from Trog
 24148 | D:14     | Got a pitted lajatang
 24149 | D:14     | Identified the +9 lajatang of Kuuvedghy {freeze, rPois rC- Str+2 Int+4} (You found it on level 14 of the Dungeon)
 24230 | D:14     | Found a roughly hewn altar of Beogh.
 24740 | D:15     | Entered Level 15 of the Dungeon
 25011 | Orc:1    | Entered Level 1 of the Orcish Mines
 25391 | Orc:1    | Noticed an orc warlord
 25411 | Orc:1    | Found a roughly hewn altar of Beogh.
 25426 | Orc:1    | Killed an orc warlord
 25430 | Orc:1    | Received a gift from Trog
 25433 | Orc:1    | Got a brightly glowing triple crossbow {god gift}
 25438 | Orc:1    | Identified the +11 triple crossbow of Awkwardness {velocity, *Contam rN+ Int+4} (Trog gifted it to you on level 1 of the Orcish Mines)
 25504 | Orc:1    | Gained mutation: You are robust. (+10% HP) [mutagenic glow]
 25760 | Orc:1    | Noticed Erolcha
 25766 | Orc:1    | Killed Erolcha
 26050 | Orc:2    | Entered Level 2 of the Orcish Mines
 26050 | Orc:2    | Found a staircase to the Elven Halls.
 26633 | Orc:2    | Reached XP level 16. HP: 153/155 MP: 23/23
 27115 | Orc:2    | Received a gift from Trog
 27387 | Orc:2    | Found an ancient bone altar of Kikubaaqudgha.
 27387 | Orc:2    | Noticed Nergalle
 27422 | Orc:2    | Killed Nergalle
 27560 | Orc:2    | Found Asicecle's Distillery.
 27599 | Orc:2    | Bought a potion of mutation for 128 gold pieces
 27599 | Orc:2    | Bought a potion of curing for 48 gold pieces
 27599 | Orc:2    | Bought a potion of heal wounds for 80 gold pieces
 27599 | Orc:2    | Bought a potion of curing for 48 gold pieces
 27599 | Orc:2    | Bought a potion of might for 64 gold pieces
 27612 | Orc:2    | Found a radiant altar of Vehumet.
 27785 | Orc:2    | Found a roughly hewn altar of Beogh.
 27787 | Orc:2    | Found Mievumix's Antique Weapon Shoppe.
 27787 | Orc:2    | Found Peaq's Book Emporium.
 27819 | Orc:2    | Found Cigod's Distillery.
 27822 | Orc:2    | Bought a manual of Armour for 1876 gold pieces
 27831 | Orc:2    | Bought a potion of heal wounds for 60 gold pieces
 27831 | Orc:2    | Bought a potion of curing for 36 gold pieces
 27831 | Orc:2    | Bought a potion of degeneration for 12 gold pieces
 27835 | Orc:2    | Bought a potion of flight for 36 gold pieces
 28457 | Spider:1 | Entered Level 1 of the Spider Nest
 28464 | Spider:1 | Received a gift from Trog
 28485 | Lair:4   | HP: 5/235 [emperor scorpion (17)]
 28487 | Lair:4   | HP: 2/235 [emperor scorpion (2)]
 28488 | Lair:4   | Succumbed to a redback's poison

Skill      XL: |  1  2  3  4  5  6  7  8  9 10 11 12 13 14 15 16 |
---------------+-------------------------------------------------+-----
Fighting       | 4 5 6 7 9 10 11 12 14 15 16 17 | 17.8
Armour         | 3 4 5 6 7 8 9 10 11 12 13 | 13.2
Axes           | 4 |  4.9
Dodging        | 3 4 5 6 7 8 9 10 11 12 13 | 13.3
Long Blades    | 1 5 7 9 10 12 13 15 16 | 16.5
Evocations     | 2 4 5 7 8 9 10 | 10.0

Action                   |  1- 3 |  4- 6 |  7- 9 | 10-12 | 13-15 | 16-18 || total
-------------------------+-------+-------+-------+-------+-------+-------++-------
Melee: Hand axe          |    88 |   144 |    75 |       |       |       ||   307
       Long sword        |       |       |   263 |   489 |   767 |       ||  1519
       Great sword       |       |       |       |       |   578 |   133 ||   711
Invok: Berserk           |     3 |     2 |     8 |     7 |    11 |     2 ||    33
       Burn Spellbooks   |       |       |       |     1 |     4 |       ||     5
       Trog's Hand       |       |       |       |       |       |     1 ||     1
 Abil: Hop               |       |       |     3 |     1 |     2 |     3 ||     9
       Evoke Blink       |       |       |       |     1 |       |       ||     1
Evoke: Wand              |       |       |       |       |     7 |     2 ||     9
  Use: Potion            |       |       |       |     5 |     5 |       ||    10
       Scroll            |       |       |       |       |    32 |     1 ||    33
 Stab: Invisible         |       |       |       |       |     4 |       ||     4
  Eat: Chunk             |     4 |     7 |    18 |    27 |    45 |     6 ||   107
       Fruit             |       |       |     3 |     1 |     3 |     1 ||     8
       Royal jelly       |       |       |       |       |     8 |       ||     8
Armor: Animal skin       |    20 |       |       |       |       |       ||    20
       Chain mail        |     6 |    73 |    24 |       |       |       ||   103
       Plate armour      |       |       |   141 |   238 |   597 |    80 ||  1056
Dodge: Dodged            |    47 |    58 |   130 |   264 |   914 |   105 ||  1518
       Rpst.: Long sword |       |       |    34 |    71 |   141 |       ||   246
       Great sword       |       |       |       |       |   114 |    24 ||   138
